 Dungeon Crawl Stone Soup version 0.19-a0-78-g674c7a4 (webtiles) character file.

678 Duffy the Firebug (level 7, -1/55 HPs)
             Began as a Mottled Draconian Fire Elementalist on May 13, 2016.
             Slain by Grinder (5 damage)
             ... while paralysed by Grinder
             ... on level 5 of the Dungeon.
             The game lasted 00:05:50 (4721 turns).

Duffy the Firebug (DrFE)                            Turns: 4721, Time: 00:05:51

Health: -1/55      AC:  9    Str: 11    XL:     7   Next: 34%
Magic:  4/12       EV:  2    Int: 15    God:
Gold:   243        SH:  0    Dex: 13    Spells: 3 memorised, 5 levels left

rFire  . . .     SeeInvis .     c - +1 dagger (venom)
rCold  . . .     Gourm    .     (armour unavailable)
rNeg   . . .     Faith    .     (no shield)
rPois  .         Spirit   .     (helmet restricted)
rElec  .         Dismiss  .     p - +2 cloak
rCorr  .         Reflect  .     (no gloves)
SustAt .         Harm     .     (no boots)
MR     .....     Rnd*Tele +     (no amulet)
Stlth  ++........               (no ring)
                                q - ring of teleportation (curse)

@: paralysed, not resistant to hostile enchantments, unstealthy
A: breathe sticky flame splash, unfitting armour, cold-blooded, AC +6
a: Breathe Sticky Flame


You were on level 5 of the Dungeon.
You were not hungry.

You visited 1 branch of the dungeon, and saw 5 of its levels.

You collected 243 gold pieces.


Innate Abilities, Weirdness & Mutations

You can spit globs of burning liquid.
You can ignite nearby creatures when you spit burning liquid.
Your weird mottled scales are hard (AC +6).
Your body does not fit into most forms of armour.
You are cold-blooded and may be slowed by cold attacks.


   Skills:
 - Level 2.0 Fighting
 - Level 1.7 Dodging
 - Level 1.7 Stealth
 - Level 3.6 Spellcasting
 + Level 5.3 Conjurations
 + Level 5.8 Fire Magic


You had 5 spell levels left.
You knew the following spells:

 Your Spells              Type           Power        Failure   Level  Hunger
a - Flame Tongue          Conj/Fire      ###..        1%          1    None
j - Sticky Flame          Conj/Fire      ###.....     21%         4    ####...
l - Conjure Flame         Conj/Fire      ###.....     6%          3    ###....

Inventory:

Hand Weapons
 c - a +1 dagger of venom (weapon)
Missiles
 m - 2 tomahawks (quivered)
Armour
 p - a +2 cloak (worn)
Jewellery
 q - a cursed ring of teleportation (left hand)
 u - an uncursed ring of ice {unknown}
Scrolls
 k - a scroll of fog
 n - 4 scrolls of amnesia
 s - 2 scrolls of recharging
Potions
 d - a potion of ambrosia
 e - a potion of flight {unknown}
 g - 3 potions of might
 i - a potion of mutation {unknown}
 j - a potion of curing {unknown}
 o - 2 potions of brilliance {unknown}
 r - a potion of degeneration {unknown}
 t - a potion of haste {unknown}
Books
 a - a book of Flames
Comestibles
 b - 3 bread rations
 f - a meat ration
 h - a royal jelly
 l - 2 slices of pizza
 v - 5 chunks of flesh

Dungeon Overview and Level Annotations

Branches:
Dungeon (5/15)
 Temple: D:4-7

Altars:
Nemelex Xobeh
Pakellas
Trog

Annotations:
D:3 Lugonue's ghost, weakling DgTm
D:5 Grinder


Message History

Press: ? - help, Shift-Dir - straight line, f - Grinder
Aim: Grinder The flame tongue hits Grinder.
Grinder is lightly wounded.
Grinder gestures at you. You resist with significant effort.
Cast which spell? (? or * to list)
Aiming: Flame Tongue
Press: ? - help, Shift-Dir - straight line, f/p - Grinder
Aim: Grinder (lightly wounded)
The flame tongue hits Grinder.
Grinder is moderately wounded.
Grinder says, "DUCK!"
Grinder barely misses you.
Cast which spell? (? or * to list)
Aiming: Flame Tongue
Press: ? - help, Shift-Dir - straight line, f/p - Grinder
Aim: Grinder (moderately wounded)
The flame tongue hits Grinder.
Grinder is moderately wounded.
Grinder hits you.
Cast which spell? (? or * to list)
Aiming: Flame Tongue
Press: ? - help, Shift-Dir - straight line, f/p - Grinder
Aim: Grinder (moderately wounded)
The flame tongue hits Grinder.
Grinder is moderately wounded.
Grinder hits you.
You writhe in agony.
Cast which spell? (? or * to list)
Aiming: Flame Tongue
Press: ? - help, Shift-Dir - straight line, f/p - Grinder
Aim: Grinder (moderately wounded)
The flame tongue hits Grinder.
Grinder is heavily wounded.
Grinder blinks!
Cast which spell? (? or * to list)
Aiming: Flame Tongue
Press: ? - help, Shift-Dir - straight line, f/p - Grinder
Aim: Grinder (heavily wounded)
The flame tongue hits Grinder.
Grinder is severely wounded.
The ogre closely misses you.
Grinder says, "I used to sell toenails on the black market."
Grinder gestures at you.
You suddenly lose the ability to move!
Grinder hits you!
You writhe in agony.
The ogre hits you with a giant club!! Grinder hits you.
The ogre hits you with a giant club. Grinder hits you but does no damage.
Grinder hits you.
You die...

# . #. #.
#.# #..##
#5@##
##O.#
##%# #.#
#<.......
###...#..
#.....
#####


You could see Grinder and an ogre.

Action                   |  1- 3 |  4- 6 |  7- 9 || total
-------------------------+-------+-------+-------++-------
Melee: Dagger            |   130 |    31 |    31 ||   192
       Tailslap          |    13 |     3 |     4 ||    20
 Cast: Flame Tongue      |    13 |    70 |    17 ||   100
       Conjure Flame     |       |     3 |       ||     3
  Use: Scroll            |       |     5 |     1 ||     6
 Stab: Sleeping          |       |       |     1 ||     1
  Eat: Chunk             |     4 |     3 |     3 ||    10
       Beef jerky        |       |     2 |       ||     2
Armor: Skin              |    31 |     5 |     5 ||    41
Dodge: Dodged            |   103 |    38 |    18 ||   159

Notes
Turn   | Place    | Note
--------------------------------------------------------------
     0 | D:1      | Duffy the Draconian Fire Elementalist began the quest for the Orb.
     0 | D:1      | Reached XP level 1. HP: 14/14 MP: 3/3
   182 | D:1      | Reached XP level 2. HP: 22/22 MP: 5/5
   184 | D:1      | Reached skill level 1 in Fighting
   447 | D:1      | Reached skill level 2 in Conjurations
   664 | D:2      | Reached XP level 3. HP: 24/29 MP: 6/6
   722 | D:2      | Learned a level 3 spell: Conjure Flame
   795 | D:2      | Found a bloodstained altar of Trog.
   853 | D:2      | Found an oddly glowing altar of Pakellas.
   853 | D:2      | Noticed a rakshasa
   863 | D:2      | Killed a rakshasa
   940 | D:2      | Reached skill level 2 in Fighting
  1470 | D:2      | Reached skill level 3 in Conjurations
  1957 | D:3      | Reached XP level 4. HP: 34/36 MP: 7/7
  2000 | D:3      | Noticed Lugonue's ghost (weakling DgTm)
  2671 | D:3      | Learned a level 4 spell: Sticky Flame
  2751 | D:3      | Noticed Jessica
  2761 | D:3      | Reached skill level 3 in Spellcasting
  2762 | D:3      | Killed Jessica
  2762 | D:3      | Reached XP level 5. HP: 35/41 MP: 6/10
  3372 | D:4      | Noticed Menkaure
  3380 | D:4      | Killed Menkaure
  3380 | D:4      | Reached skill level 4 in Conjurations
  3380 | D:4      | Reached skill level 4 in Fire Magic
  3380 | D:4      | Reached XP level 6. HP: 48/48 MP: 4/11
  3869 | D:3      | Found a sparkling altar of Nemelex Xobeh.
  3950 | D:4      | Noticed Sigmund
  3957 | D:4      | Killed Sigmund
  3957 | D:4      | Reached skill level 5 in Fire Magic
  3957 | D:4      | Reached XP level 7. HP: 55/55 MP: 8/12
  4071 | D:4      | Reached skill level 5 in Conjurations
  4430 | D:4      | Noticed Crazy Yiuf
  4439 | D:4      | Killed Crazy Yiuf
  4699 | D:5      | Entered Level 5 of the Dungeon
  4701 | D:5      | Noticed Grinder
  4701 | D:5      | Paralysed by Grinder for 5 turns
  4717 | D:5      | Paralysed by Grinder for 6 turns
  4721 | D:5      | Slain by Grinder

Skill      XL: |  1  2  3  4  5  6  7 |
---------------+----------------------+-----
Fighting       | 1 2 |  2.0
Conjurations   | 2 3 4 5 |  5.3
Spellcasting   | 3 |  3.6
Fire Magic     | 4 5 |  5.8
Dodging        | |  1.7
Stealth        | |  1.7

Vault maps used:
D:1:      tarquinn_simple_flora_water_b
D:2:      bloody_trog, first_bread, gammafunk_pakellas_cloud_experiment
D:3:      tso_oasis_becter, nicolae_overflow_crystal_walls, uniq_jessica
D:4:      uniq_sigmund, uniq_crazy_yiuf_cottage, uniq_menkaure
D:5:      gammafunk_temple_overflow_wave, fedhas_altar_2,
          kennysheep_generic_room_10, uniq_grinder

Vanquished Creatures
  A rakshasa Sigmund Menkaure
  A phantom
  A scorpion Crazy Yiuf
  A giant frog skeleton Jessica
  3 worker ants
  4 adders
  An ooze
  5 worms
  3 giant geckos
  9 orcs
  5 giant cockroaches
  6 goblins
  8 hobgoblins
  4 jackals
  3 kobolds
  A quokka
  A ball python
  5 bats
  2 giant newts
  A jackal skeleton
  4 rats
73 creatures vanquished.
